 Dungeon Crawl Stone Soup version 0.27-a0-223-ge082b6e869 (webtiles) character file.

Game seed: 3189313470070859279

8948 rebelwolf the Fighter (level 11, -16/145 HPs)
             Began as a Purple Draconian Berserker on Feb 2, 2021.
             Was a High Priest of Trog.
             Killed from afar by a hell knight (31 damage)
             ... with a bolt of fire
             ... on level 10 of the Dungeon.
             The game lasted 00:38:19 (9671 turns).

rebelwolf the Fighter (Purple Draconian Berserker)  Turns: 9671, Time: 00:38:20

Health: -16/145    AC: 14    Str: 25    XL:     11   Next: 16%
Magic:  0/18       EV: 15    Int:  8    God:    Trog [*****.]
Gold:   628        SH:  0    Dex: 11    Spells: 10/10 levels left

rFire    . . .     SeeInvis .   a - +2 battleaxe (freeze)
rCold    . . .     Faith    .   (shield currently unavailable)
rNeg     . . .     Spirit   +   (armour unavailable)
rPois    .         Reflect  .   q - +2 hat
rElec    .         Harm     .   w - +1 cloak
rCorr    .         Rampage  .   (no gloves)
Will     +....     Rnd*Tele +   v - +2 pair of boots
Stlth    ..........             n - amulet of guardian spirit
HPRegen  0.34/turn              h - ring of magical power
MPRegen  0.16/turn              D - ring of Nir Assid {Str+3 Slay+4 Stlth+}

@: berserking, flying, studying Throwing, very quick
A: breathe power, unfitting armour, low mp 1, teleportitis 1, wild magic 1,
cold-blooded, AC +7
a: Breathe Dispelling Energy, Renounce Religion, Berserk, Trog's Hand, Brothers
in Arms


You were on level 10 of the Dungeon.
You worshipped Trog.
Trog was extremely pleased with you.
You visited 1 branch of the dungeon, and saw 10 of its levels.

You collected 628 gold pieces.

Inventory:

Hand Weapons
 a - a +2 battleaxe of freezing (weapon)
 j - the +8 dagger "Xefyto" {freeze, Dex+3}
   (You took it off an orc on level 4 of the Dungeon)

   It has been specially enchanted to freeze those struck by it, causing extra
   injury to most foes and up to half again as much damage against particularly
   susceptible opponents.
   It can also slow down cold-blooded creatures.
   It affects your dexterity (+3).
 A - a +4 falchion
Missiles
 k - 14 boomerangs (quivered)
Armour
 q - a +2 hat (worn)
 v - a +2 pair of boots (worn)
 w - a +1 cloak (worn)
Jewellery
 b - an uncursed amulet of magic regeneration
 e - an uncursed ring of ice
 g - an uncursed ring of positive energy
 h - a ring of magical power (left hand)
 n - an amulet of guardian spirit (around neck)
 z - a +6 ring of dexterity {unknown}
 D - the ring of Nir Assid (right hand) {Str+3 Slay+4 Stlth+}
   (You acquired it on level 9 of the Dungeon)

   [ring of slaying]

   It affects your strength (+3).
   It affects your accuracy and damage with ranged weapons and melee attacks
   (+4).
   It makes you more stealthy.
Wands
 i - a wand of digging (22)
 o - a wand of flame (18)
 s - a wand of polymorph (9)
 t - a wand of charming (10)
 u - a wand of iceblast (9)
 x - a wand of acid (9)
Scrolls
 d - 8 scrolls of remove curse
 p - 3 scrolls of teleportation
 y - a scroll of fog
Potions
 c - 2 potions of attraction
 f - a potion of invisibility
 l - 12 potions of curing
 m - 3 potions of ambrosia
 r - a potion of heal wounds
 C - 2 potions of flight
Books
 B - a manual of Throwing


   Skills:
 + Level 9.1 Fighting
 + Level 8.5(9.5) Short Blades
 + Level 6.7(8.7) Long Blades
 + Level 5.1 Axes
 - Level 3.2 Throwing
 + Level 7.5 Dodging
 + Level 6.0 Stealth
 + Level 0.4 Evocations


You had 10 spell levels left.
You didn't know any spells.
Your spell library was empty.

Dungeon Overview and Level Annotations

Branches:
Dungeon (10/15)            Temple (0/1) D:5            Lair (0/6) D:10
    Orc: D:9-12

Altars:
Ashenzari
Cheibriados
Dithmenos
Fedhas
Gozag
Nemelex Xobeh
Qazlal
Ru
Trog
Uskayaw
Vehumet
Yredelemnul
Zin
The Shining One
Jiyva

Shops:
D:8 }


Innate Abilities, Weirdness & Mutations

You can breathe bolts of dispelling energy.
Your rich purple scales are hard. (AC +7)
You cannot fit into any form of body armour.
You are cold-blooded and may be slowed by cold attacks.
Your magical capacity is low. (-10% MP)
You are occasionally teleported next to monsters.
Your spells are a little harder to cast, but a little more powerful.


Message History

The hell knight is moderately wounded.
The hell knight hits you but does no damage.
The hell knight hits you with a +1 great sword!!
* * * LOW HITPOINT WARNING * * *
You hear a shout!
You hear a bark!
A red film seems to cover your vision as you go berserk!
You feel yourself moving faster!
You feel mighty!
You hear a shout!
You hear a bark! x2
You hit the hell knight. You freeze the hell knight.
Your tail-slap misses the hell knight.
The hell knight is moderately wounded.
You hear a shout!
The hell knight gestures wildly while chanting.
The hell knight seems to speed up.
You hear a shout!
You slice the hell knight!! You freeze the hell knight.
The hell knight is severely wounded.
The hell knight casts a spell at you. The bolt of fire hits you!!
You die...

###### ###....#
#########......#
######.........#....##
...............#.....#
#.......§§§......#
##.........####≈≈§≈§####..#
#..........#.p@...††...#.##
###...[......#.#########.#.##
....._.......# #..#
###........(.# #..#
###..........# #..##
......##.....# #...#
.............# #...#
.....###.....# #...#
.....#.......# #...#


You could see a hell knight (fast).

Vanquished Creatures
  Harold (D:8)
  A two-headed ogre (D:8)
  Pikel (D:5)
  A gargoyle (D:10)
  2 komodo dragons (D:10)
  Prince Ribbit (D:5)
  Sigmund (D:5)
  2 wyverns (D:10)
  2 basilisks (D:10)
  An acid dragon (D:10)
  4 orc warriors
  3 hell hounds (D:10)
  4 black bears
  An ice beast (D:7)
  An ogre (D:9)
  A phantom (D:10)
  5 centaurs
  2 big kobolds
  3 lemures (D:5)
  6 bullfrogs
  A wyvern zombie (D:8)
  5 scorpions
  7 killer bees
  7 wights
  3 howler monkeys
  2 centaur zombies
  5 hounds
  A quasit (D:3)
  A centaur skeleton (D:8)
  3 orc priests
  3 jellies (D:8)
  3 iguanas
  Crazy Yiuf (D:7)
  Terence (D:3)
  9 worker ants
  5 orc wizards
  A hound zombie (D:10)
  A hound skeleton (D:10)
  8 gnolls
  A howler monkey zombie (D:5)
  A howler monkey skeleton (D:4)
  3 worker ant zombies
  12 adders
  3 shadow imps
  3 white imps
  2 ufetubi
  An ooze (D:2)
  An adder zombie (D:6)
  5 worms
  4 dart slugs
  5 leopard geckos
  33 orcs
  7 bats
  3 giant cockroaches
  14 goblins
  10 hobgoblins
  7 jackals
  5 quokkas
  10 frilled lizards
  20 kobolds
  A leopard gecko skeleton (D:5)
  A leopard gecko zombie (D:5)
  10 rats
272 creatures vanquished.

Vanquished Creatures (collateral kills)
  The ghost of Zdeegee the Changer, a novice DsTm of Qazlal (D:8)
  2 slime creatures (D:8)
  A wight (D:10)
  3 jellies (D:8)
7 creatures vanquished.

Vanquished Creatures (others)
  A killer bee (D:10)
1 creature vanquished.

Grand Total: 280 creatures vanquished

Notes
Turn   | Place    | Note
-------+----------+-------------------------------------------
     0 | D:1      | rebelwolf the Draconian Berserker began the quest for the
                  | Orb.
     0 | D:1      | Reached XP level 1. HP: 19/19 MP: 1/1
   406 | D:1      | Reached XP level 2. HP: 26/26 MP: 2/2
   807 | D:2      | Found a blossoming altar of Fedhas.
   808 | D:2      | Found a shadowy altar of Dithmenos.
   877 | D:2      | Reached XP level 3. HP: 33/33 MP: 3/3
   927 | D:2      | Reached ** piety under Trog
  1363 | D:2      | Reached XP level 4. HP: 39/40 MP: 4/4
  1440 | D:2      | Reached skill level 4 in Fighting
  1670 | D:2      | Found a sacrificial altar of Ru.
  2354 | D:3      | Noticed Terence
  2364 | D:3      | Killed Terence
  2365 | D:3      | Reached skill level 1 in Stealth
  2365 | D:3      | Reached XP level 5. HP: 46/46 MP: 5/5
  2554 | D:3      | Reached *** piety under Trog
  2876 | D:4      | Reached skill level 5 in Long Blades
  2885 | D:4      | Identified the +8 dagger "Xefyto" {freeze, Dex+3}
  3117 | D:4      | Reached XP level 6. HP: 45/53 MP: 6/6
  3165 | D:4      | Found a stormy altar of Qazlal.
  3242 | D:4      | Found a radiant altar of Vehumet.
  3609 | D:5      | Entered Level 5 of the Dungeon
  3609 | D:5      | Noticed Sigmund
  3616 | D:5      | Killed Sigmund
  3617 | D:5      | Reached skill level 1 in Short Blades
  3617 | D:5      | Your scales start taking on a rich purple colour.
  3617 | D:5      | Reached XP level 7. HP: 60/60 MP: 7/7
  3713 | D:5      | Noticed Prince Ribbit
  3843 | D:5      | Found a staircase to the Ecumenical Temple.
  3917 | D:5      | Reached skill level 1 in Throwing
  4130 | D:5      | Reached **** piety under Trog
  4131 | D:5      | Reached skill level 5 in Fighting
  4214 | D:5      | Killed Prince Ribbit
  4533 | D:5      | Noticed Pikel
  4548 | D:5      | Killed Pikel
  4549 | D:5      | Reached XP level 8. HP: 61/70 MP: 5/8
  4882 | D:6      | Found a snail-covered altar of Cheibriados.
  5070 | D:6      | Reached skill level 6 in Fighting
  5550 | D:7      | Reached skill level 5 in Dodging
  5578 | D:7      | Reached skill level 5 in Short Blades
  5614 | D:7      | Reached XP level 9. HP: 77/77 MP: 7/9
  6225 | D:7      | Found a runed translucent door.
  6226 | D:7      | Noticed Crazy Yiuf
  6408 | D:7      | Killed Crazy Yiuf
  6580 | D:8      | Found a runed translucent gate.
  6639 | D:8      | Reached skill level 7 in Fighting
  6837 | D:8      | Reached ***** piety under Trog
  6856 | D:8      | Reached skill level 5 in Stealth
  6863 | D:8      | Found a runed translucent gate.
  6864 | D:8      | Found a runed translucent gate.
  6935 | D:8      | Noticed Harold
  6948 | D:8      | Killed Harold
  6949 | D:8      | Reached XP level 10. HP: 86/86 MP: 10/10
  6980 | D:8      | Noticed a two-headed ogre
  6995 | D:8      | Killed a two-headed ogre
  7296 | D:8      | Found Ytudif's Gadget Boutique.
  7350 | D:8      | Noticed Zdeegee's ghost (novice DsTm)
  7352 | D:8      | Found a viscous altar of Jiyva.
  7364 | D:8      | Killed Zdeegee's ghost
  7365 | D:8      | Reached skill level 8 in Fighting
  7365 | D:8      | Reached skill level 1 in Axes
  7832 | D:9      | Noticed a moth of wrath
  7836 | D:9      | Found a bloodstained altar of Trog.
  8232 | D:9      | Found a sparkling altar of Nemelex Xobeh.
  8235 | D:9      | Found a glowing golden altar of the Shining One.
  8235 | D:9      | Found a basalt altar of Yredelemnul.
  8236 | D:9      | Found a broken altar of Ashenzari.
  8236 | D:9      | Found a hide-covered altar of Uskayaw.
  8331 | D:9      | Identified 2 scrolls of acquirement
  8331 | D:9      | Acquired the ring of Nir Assid {Str+3 Slay+4 Stlth+}
  8334 | D:9      | Acquired a manual of Throwing
  8611 | D:9      | Found an opulent altar of Gozag.
  8612 | D:9      | Found a glowing silver altar of Zin.
  8692 | D:10     | Entered Level 10 of the Dungeon
  8724 | D:10     | Gained mutation: You are occasionally teleported next to
                  | monsters. [potion of mutation]
  8724 | D:10     | Gained mutation: Your magical capacity is low. (-10% MP)
                  | [potion of mutation]
  8724 | D:10     | Gained mutation: Your spells are a little harder to cast,
                  | but a little more powerful. [potion of mutation]
  8876 | D:10     | Found a broken altar of Ashenzari.
  9166 | D:10     | Noticed a gargoyle
  9177 | D:10     | Killed a gargoyle
  9186 | D:10     | Reached skill level 9 in Fighting
  9186 | D:10     | Reached XP level 11. HP: 51/97 MP: 7/9
  9414 | D:10     | Found a staircase to the Lair.
  9605 | D:10     | Reached skill level 5 in Axes
  9651 | D:10     | Noticed a hell knight
  9671 | D:10     | Killed from afar by a hell knight

Illustrated notes

Levels and vault maps discovered:
D:1:      dpeg_arrival_shrine, layout_basic, minmay_surrounded
D:2:      layout_loops_ring, grunt_dithmenos_smoke, overflow_temple_1_default,
          nicolae_ru_the_path_less_chosen
D:3:      corexii_shack_village, layout_basic, uniq_terence
D:4:      layout_rooms, lemuel_coloured_pillars_altar, old_standard_altar,
          minmay_close_crescents
D:5:      layout_loops_corners, minmay_temple_entry_stoned_glass, uniq_pikel,
          uniq_sigmund, uniq_prince_ribbit1
D:6:      layout_rooms, cheibriados_altar_1
D:7:      layout_basic, uniq_crazy_yiuf_cottage
D:8:      cheibrodos_iron_armory, layout_cave_pools, serial_shops, shop,
          gammafunk_ghost_ooze, kennysheep_kite_vault, uniq_harold
D:9:      layout_basic, grunt_temple_overflow_gold_and_silver,
          grunt_temple_overflow_open, tgw_trog
D:10:     layout_rooms, erik_lair_dragon, basic_altar, minmay_rotating_lava

Skill      XL: |  1  2  3  4  5  6  7  8  9 10 11 |
---------------+----------------------------------+-----
Dodging        | 3 4 5 7 |  7.5
Fighting       | 4 5 6 7 9 |  9.1
Long Blades    | 4 5 6 |  6.7
Stealth        | 1 2 3 5 6 |  6.0
Short Blades   | 1 3 5 7 8 |  8.5
Throwing       | 2 3 |  3.2
Axes           | 4 5 |  5.1
Evocations     | |  0.4

Action                   |  1- 3 |  4- 6 |  7- 9 | 10-12 || total
-------------------------+-------+-------+-------+-------++-------
Melee: Falchion          |    81 |   118 |       |       ||   199
       Tailslap          |     9 |    14 |    41 |    23 ||    87
       Dagger            |       |    18 |   290 |    16 ||   324
       Battleaxe         |       |       |       |   157 ||   157
Throw: Boomerang         |       |    11 |     6 |       ||    17
Invok: Berserk           |     2 |     7 |     8 |     7 ||    24
       Trog's Hand       |       |     1 |       |     3 ||     4
       Brothers in Arms  |       |       |       |     2 ||     2
Evoke: Wand              |       |       |       |     7 ||     7
  Use: Scroll            |     5 |     3 |     6 |    12 ||    26
       Potion            |       |     3 |     5 |     4 ||    12
 Stab: Sleeping          |     1 |     3 |     4 |     3 ||    11
       Distracted        |       |       |     1 |       ||     1
Armor: Skin              |    26 |    33 |    48 |   126 ||   233
Dodge: Dodged            |    68 |    93 |   157 |   277 ||   595
       Rpst.: Falchion   |    24 |    25 |       |       ||    49

Table legend: (Time is in decaauts)
 A = Elapsed time spent in this place.
 B = Non-inter-level travel time spent in this place.
 C = Inter-level travel time spent in this place.
 D = Time resting spent in this place.
 E = Time spent auto-exploring this place.
 F = Levels seen in this place.
 G = Mean time per level.
                   A        B        C        D        E       F      G
               +--------+--------+--------+--------+--------+-----+--------+
         Total |   9864 |   9677 |    187 |   1046 |   5147 |  10 |  986.4 |
       Dungeon |   9864 |   9677 |    187 |   1046 |   5147 |  10 |  986.4 |
               +--------+--------+--------+--------+--------+-----+--------+

Top non-repeatable levels by time:
     D:8: 1185 daAuts
     D:5: 1184 daAuts
     D:3: 1091 daAuts
     D:9: 1046 daAuts
    D:10: 1028 daAuts
     D:2: 1023 daAuts
     D:7: 989 daAuts
     D:1: 815 daAuts
     D:4: 788 daAuts
     D:6: 712 daAuts
